 Seeded DCSS version 0.30-a0-920-g7493c07aab (webtiles) character file.

Game seed: 3425090202442293766 (custom seed)

367 valliere the Conjurer (level 6, -9/35 HPs)
             Began as a Deep Elf Conjurer on Mar 21, 2023.
             Killed by divine providence
             ... invoked by an orc priest
              (11 damage)
             ... on level 5 of the Dungeon.
             The game lasted 00:15:56 (4965 turns).

valliere the Conjurer (Deep Elf Conjurer)           Turns: 4965, Time: 00:15:56

Health: -9/35      AC:  6    Str: 10    XL:     6   Next: 41%
Magic:  0/15       EV: 13    Int: 21    God:
Gold:   244        SH:  0    Dex: 13    Spells: 9/14 levels left

rFire   . . .      SeeInvis +    g - staff of conjuration
rCold   . . .      Faith    .    (no shield)
rNeg    . . .      Spirit   +    H - +2 robe of a Hundred Friends {rElec Str+4 Int-5 Slay+3}
rPois   +          Reflect  .    (no helmet)
rElec   +          Rampage  .    (no cloak)
rCorr   +                        r - +0 pair of gloves
Will    .....                    o - +0 pair of boots
Stlth   +++                      k - amulet of guardian spirit
HPRegen 0.25/turn                A - ring "Ibaohunt" {rPois rCorr Int+3}
MPRegen 0.14/turn                d - ring of see invisible

@: no status effects
A: no striking features
a: no special abilities


You were on level 5 of the Dungeon.
You visited 1 branch of the dungeon, and saw 5 of its levels.

You collected 288 gold pieces.
You spent 44 gold pieces at shops.

Inventory:

Hand Weapons
 B - a +0 short sword
Missiles
 m - 2 throwing nets
Armour
 a - a +0 robe
 f - the +3 shadow dragon scales of Spring {rC++ Str+3 Stlth++++}
   (You acquired it on level 4 of the Dungeon)

   Str:       It affects your strength (+3).
   rC:        It greatly protects you from cold.
   Stlth:     It makes you much more stealthy.
 o - a +0 pair of boots (worn)
 r - a +0 pair of gloves (worn)
 H - the +2 robe of a Hundred Friends (worn) {rElec Str+4 Int-5 Slay+3}
   (You found it on level 5 of the Dungeon)

   Str:       It affects your strength (+4).
   Int:       It affects your intelligence (-5).
   Slay:      It affects your accuracy & damage with ranged weapons and melee
   (+3).
   rElec:     It insulates you from electricity.
Magical Staves
 g - a staff of conjuration (weapon)
Jewellery
 c - the ring of Cetechidd {rElec rPois rF+++ AC+4 Slay-6}
   (You acquired it on level 1 of the Dungeon)

   [ring of protection]

   AC:        It affects your AC (+4).
   Slay:      It affects your accuracy & damage with ranged weapons and melee
   (-6).
   rF:        It renders you almost immune to fire.
   rElec:     It insulates you from electricity.
   rPois:     It protects you from poison.
 d - a ring of see invisible (right hand)
 k - an amulet of guardian spirit (around neck)
 p - an amulet of the acrobat
 A - the ring "Ibaohunt" (left hand) {rPois rCorr Int+3}
   (You acquired it on level 4 of the Dungeon)

   [ring of poison resistance]

   Int:       It affects your intelligence (+3).
   rPois:     It protects you from poison.
   rCorr:     It protects you from acid and corrosion.
 G - a ring of magical power
Wands
 E - a wand of flame (8)
Scrolls
 e - 3 scrolls of noise
 h - 3 scrolls of identify
 i - a scroll of enchant armour {unknown}
 n - 5 scrolls of magic mapping
 t - a scroll of fear {unknown}
 u - 2 scrolls of silence {unknown}
 w - a scroll of immolation {unknown}
 x - a scroll of fog {unknown}
 y - 2 scrolls of teleportation {unknown}
 J - a scroll of vulnerability {unknown}
Potions
 b - a potion of magic
 j - a potion of degeneration {unknown}
 l - a potion of resistance {unknown}
 q - 4 potions of curing
 s - 2 potions of brilliance {unknown}
 v - 2 potions of ambrosia
 z - a potion of might {unknown}
 C - a potion of flight {unknown}
 D - a potion of haste {unknown}
 F - a potion of heal wounds {unknown}
 I - 2 potions of lignification {unknown}


   Skills:
 + Level 1.7 Fighting
 * Level 1.6 Armour
 + Level 4.0 Dodging
 + Level 4.3 Stealth
 + Level 4.7 Spellcasting
 + Level 5.3 Conjurations


You had 9 spell levels left.
You knew the following spells:

 Your Spells              Type           Power      Damage    Failure   Level
a - Magic Dart            Conj           100%       1d8       1%          1
b - Fulminant Prism       Conj/Hex       12%        3d9       36%         4

Your spell library contained the following spells:

 Spells                   Type           Power      Damage    Failure   Level
 Searing Ray              Conj           82%        2d7       1%          2
 Dazzling Flash           Conj/Hex       48%        N/A       11%         3
 Blink                    Tloc           8%         N/A       17%         2
 Iskenderun's Mystic Bla  Conj/Tloc      24%        2d7       36%         4
 Manifold Assault         Tloc           4%         N/A       73%         4
 Storm Form               Tmut/Air       2%         N/A       100%        7


Dungeon Overview and Level Annotations

Branches:
Dungeon (5/15)
 Temple: D:4-7

Altars:
Elyvilon
Wu Jian
Yredelemnul

Shops:
D:2 ?(

Annotations:
D:3 Sigmund
D:4 Grinder


Message History

The orc priest is heavily wounded.
The orc priest mumbles some strange prayers to Beogh against you.
Beogh smites you! The orc hits you but does no damage.
You feel a surge of power!
The magic dart hits the orc priest but does no damage.
The orc priest is heavily wounded.
The orc priest invokes the aid of Beogh against you.
Pain shoots through your body! The orc barely misses you.
You are too injured to fight recklessly!
Unknown command.
Aiming: Throw Flame
Press: ? - help, Shift-Dir - straight line, f/p - orc priest
Aim: an orc priest, wielding a +0 whip and wearing a +0 ring mail (heavily wounded, 72% to hit)
The puff of flame misses the orc priest.
The orc priest misses you.
Aiming: Throw Flame
Press: ? - help, Shift-Dir - straight line, f/p - orc priest
Aim: an orc priest, wielding a +0 whip and wearing a +0 ring mail (heavily wounded, 72% to hit)
The puff of flame hits the orc priest.
The orc priest is severely wounded.
The orc priest miscasts a cantrip.
The orc priest attacks as you move away!
The orc priest hits you with a +0 whip.
* * * LOW HITPOINT WARNING * * *
Aiming: Throw Flame
Press: ? - help, Shift-Dir - straight line, f/p - orc priest
Aim: an orc priest, wielding a +0 whip and wearing a +0 ring mail (severely wounded, 72% to hit)
The puff of flame hits the orc priest.
The orc priest is almost dead.
The orc priest calls down the wrath of Beogh upon you.
Beogh smites you!
* * * LOW HITPOINT WARNING * * *
Aiming: Throw Flame
Press: ? - help, Shift-Dir - straight line, f/p - orc priest
Aim: an orc priest, wielding a +0 whip and wearing a +0 ring mail (almost dead, 72% to hit)
The puff of flame hits the orc priest but does no damage.
The orc priest is almost dead.
The orc priest calls down the wrath of Beogh upon you.
Beogh smites you!
You die...

###.#...#.....#####
....#.#.#.###.#...#
####............#.#
#####...#####.#...#
..##.....# #.##.##
#.##.###.# #.##.#
#....# #.# ##.##.#
####.###.# #...#.#
#.....# #....@#
#######
#...#o#######.
#.###o........ ###
#. #.######## ..#
#. #........). #.#
. #..#.######. #.##
# ..#.#.# ... .# #.
# #.# ..##.#. # #.#


You could see an orc priest and an orc.

Vanquished Creatures
  A crimson imp (D:4)
  3 hounds
  An orc priest (D:4)
  Terence (D:3)
  An orc wizard (D:4)
  5 adders
  A worm (D:2)
  14 dart slugs
  7 orcs
  8 ball pythons
  7 bats
  5 endoplasms
  2 giant cockroaches
  6 goblins
  6 hobgoblins
  4 kobolds
  A quokka (D:2)
  4 frilled lizards
  A goblin zombie (D:4)
  A kobold zombie (D:4)
  An orc skeleton (D:4)
  13 rats
93 creatures vanquished.

Notes
Turn   | Place    | Note
-------+----------+-------------------------------------------
     0 | D:1      | valliere the Deep Elf Conjurer began the quest for the Orb.
     0 | D:1      | Reached XP level 1. HP: 10/10 MP: 6/6
     7 | D:1      | Identified a scroll of acquirement
     7 | D:1      | Acquired the ring of Cetechidd {rElec rPois rF+++ AC+4
                  | Slay-6}
   180 | D:1      | Acquired a staff of conjuration
   207 | D:1      | Reached XP level 2. HP: 15/15 MP: 4/8
   768 | D:1      | Found a faded altar of an unknown god.
   926 | D:2      | Reached XP level 3. HP: 19/19 MP: 6/10
  1370 | D:2      | Reached XP level 4. HP: 24/24 MP: 8/11
  1553 | D:2      | Reached skill level 1 in Fighting
  1659 | D:2      | Found Nareh's Weapon Boutique.
  1735 | D:2      | Found Lipoy's Magic Scroll Boutique.
  1755 | D:2      | Bought a scroll of identify for 22 gold pieces
  1755 | D:2      | Bought a scroll of identify for 22 gold pieces
  2299 | D:3      | Reached skill level 5 in Conjurations
  2716 | D:3      | Noticed Sigmund
  2931 | D:3      | Noticed Terence
  3106 | D:4      | Acquired the ring "Ibaohunt" {rPois rCorr Int+3}
  3108 | D:4      | Acquired the +3 shadow dragon scales of Spring {rC++ Str+3
                  | Stlth++++}
  3313 | D:4      | Reached XP level 5. HP: 27/29 MP: 7/13
  3390 | D:4      | Noticed Grinder
  3518 | D:3      | Killed Terence
  3519 | D:3      | Reached skill level 1 in Armour
  3967 | D:3      | Learned a level 4 spell: Fulminant Prism
  4353 | D:4      | Reached XP level 6. HP: 32/34 MP: 6/14
  4599 | D:4      | Found an ornate altar of the Wu Jian Council.
  4599 | D:4      | Found a white marble altar of Elyvilon.
  4599 | D:4      | Found a basalt altar of Yredelemnul.
  4726 | D:5      | Entered Level 5 of the Dungeon
  4808 | D:5      | Identified the +2 robe of a Hundred Friends {rElec Str+4
                  | Int-5 Slay+3}
  4965 | D:5      | Killed from afar by an orc priest

Illustrated notes

Levels and vault maps discovered:
D:1:      minmay_arrival_loop, layout_basic, ebering_ecumenical_altar_webs,
          moated_statue, minmay_tetromino_s2
D:2:      minmay_angry_zag, layout_basic, serial_shops,
          nicolae_shop_behind_doors, nicolae_shop_bloodbath_and_beyond,
          minmay_cut_off
D:3:      kennysheep_slugbush, layout_basic, uniq_sigmund, uniq_terence
D:4:      layout_layer_cave, gammafunk_temple_overflow_claw,
          nicolae_tso_besieged_by_evil, minivault_24, uniq_grinder
D:5:      layout_loops_ring, mainiacjoe_overflow_small_starburst,
          minmay_temple_entry_grid, minmay_misc_feat_square

Skill      XL: |  1  2  3  4  5  6 |
---------------+-------------------+-----
Stealth        | 3 4 |  4.3
Dodging        | 3 4 |  4.0
Fighting       | 1 |  1.7
Spellcasting   | 4 |  4.7
Conjurations   | 5 |  5.3
Armour         | 1 |  1.6

Action                     |  1- 3 |  4- 6 || total
---------------------------+-------+-------++-------
  Melee: Short sword       |       |   125 ||   125
         Punch             |       |     1 ||     1
   Cast: Magic Dart        |    67 |   159 ||   226
  Evoke: Wand              |       |     4 ||     4
    Use: Scroll            |     2 |     7 ||     9
 Armour: Robe              |     3 |    13 ||    16
         Shadow dragon sca |       |    83 ||    83
  Dodge: Dodged            |     3 |    38 ||    41

Table legend: (Time is in decaauts)
 A = Elapsed time spent in this place.
 B = Non-inter-level travel time spent in this place.
 C = Inter-level travel time spent in this place.
 D = Time resting spent in this place.
 E = Time spent auto-exploring this place.
 F = Levels seen in this place.
 G = Mean time per level.
                   A        B        C        D        E       F      G
               +--------+--------+--------+--------+--------+-----+--------+
         Total |   4975 |   4747 |    228 |    123 |   3876 |   5 |  995.0 |
       Dungeon |   4975 |   4747 |    228 |    123 |   3876 |   5 |  995.0 |
               +--------+--------+--------+--------+--------+-----+--------+

Top non-repeatable levels by time:
     D:3: 1639 daAuts
     D:2: 1263 daAuts
     D:4: 959 daAuts
     D:1: 874 daAuts
     D:5: 238 daAuts
